 Dungeon Crawl Stone Soup version 0.28.0 (webtiles) character file.

Game seed: 10588855495398773463

92 fragbeetle the Magician (level 4, -2/57 HPs)
             Began as a Gnoll Wanderer on Feb 15, 2022.
             Killed by divine providence
             ... invoked by an orc priest
              (12 damage)
             ... on level 3 of the Dungeon.
             The game lasted 00:07:04 (1663 turns).

fragbeetle the Magician (Gnoll Wanderer)            Turns: 1663, Time: 00:07:04

Health: -2/57      AC: 22    Str: 14    XL:     4   Next: 60%
Magic:  13/13      EV:  2    Int: 13    God:
Gold:   45         SH:  0    Dex:  9    Spells: 16/17 levels left

rFire   + . .      SeeInvis .   m - +0 spear
rCold   + . .      Faith    .   (no shield)
rNeg    . . .      Spirit   .   (armour currently unavailable)
rPois   +          Reflect  .   (helmet currently unavailable)
rElec   +          Harm     .   (cloak currently unavailable)
rCorr   +          Rampage  .   (gloves currently unavailable)
Will    .....      NoTele   +   (boots currently unavailable)
Stlth   +.........              (no amulet)
HPRegen 0.19/turn               (no ring)
MPRegen 0.13/turn               (no ring)

@: confused, mighty, lethally poisoned (-2 -> -16), tree-form, resistant,
ambrosia-drunk
A: stationary, stasis, torment immunity, boosted hp, (fangs 1), strong nose,
distributed training
a: no special abilities


You were on level 3 of the Dungeon.
You were a tree.
You visited 1 branch of the dungeon, and saw 3 of its levels.

You collected 45 gold pieces.

Inventory:

Hand Weapons
 e - a +0 dagger
 m - a +0 spear (weapon)
 n - a +0 war axe
 p - a +3 dagger
Missiles
 a - a throwing net
 g - 3 poisoned darts
 j - 20 stones
Armour
 c - a +0 robe
 f - a +0 helmet (melded)
 k - a +0 leather armour (melded)
 q - a +0 buckler
Potions
 h - a potion of might
 t - a potion of haste {unknown}


   Skills:
 + Level 4.6 Fighting
 + Level 1.2 Short Blades
 + Level 1.2 Long Blades
 + Level 1.2 Axes
 + Level 1.2 Maces & Flails
 + Level 1.2 Polearms
 + Level 1.2 Staves
 + Level 1.2 Slings
 + Level 1.2 Bows
 + Level 1.2 Crossbows
 + Level 1.2 Throwing
 + Level 2.8 Armour
 + Level 2.8 Dodging
 + Level 4.3 Stealth
 + Level 1.2 Shields
 + Level 1.2 Unarmed Combat
 + Level 7.2 Spellcasting
 + Level 1.0 Conjurations
 + Level 1.0 Hexes
 + Level 1.0 Summonings
 + Level 1.0 Necromancy
 + Level 1.0 Translocations
 + Level 1.0 Transmutations
 + Level 1.0 Fire Magic
 + Level 1.0 Ice Magic
 + Level 1.0 Air Magic
 + Level 1.0 Earth Magic
 + Level 1.0 Poison Magic
 + Level 1.3 Invocations
 + Level 1.2 Evocations


You had 16 spell levels left.
You knew the following spells:

 Your Spells              Type           Power      Damage    Failure   Level
a - Sting                 Tmut/Pois      28%        1d4       10%         1

Your spell library contained the following spells:

 Spells                   Type           Power      Damage    Failure   Level
 Sublimation of Blood     Necr           7%         N/A       16%         2
 Ozocubu's Armour         Ice            7%         N/A       30%         3
 Teleport Other           Tloc           7%         N/A       30%         3


Dungeon Overview and Level Annotations

Branches:
Dungeon (3/15)

Altars:

Shops:
D:2 [

Annotations:
D:3 exclusions: frilled lizard and necrophage


Innate Abilities, Weirdness & Mutations

You are a tree.
Your roots penetrate the ground, keeping you stationary.
You cannot be teleported.
You are immune to unholy pain and torment.
Your maximum health is greatly increased.
Your equipment is partially melded.
((You have very sharp teeth.))
Your uncanny sense of smell can sniff out nearby items.
Your experience applies equally to all skills.


Message History

The gnoll closely misses you.
You hit the orc.
The orc is heavily wounded.
The orc hits you but does no damage.
You are poisoned.
The gnoll barely misses you.
You barely miss the orc.
The orc is heavily wounded.
You hear the brisk rusting of a very distant drain.
You feel sick.
The orc hits you with a +0 short sword of venom.
The gnoll completely misses you.
Unknown command.
It was a potion of might.
You feel very mighty all of a sudden.
You feel sick. The orc misses you.
The gnoll hits you from afar with a +0 halberd!
* * * LOW HITPOINT WARNING * * *
It was a potion of ambrosia.
You are confused.
You feel invigorated.
* * * LOW HITPOINT WARNING * * *
You feel sick. The orc hits you but does no damage.
You are lethally poisoned!
The gnoll closely misses you.
It was a potion of resistance.
You feel protected.
* * * LOW HITPOINT WARNING * * *
You feel sick. The orc barely misses you.
The gnoll hits you from afar with a +0 halberd.
* * * LOW HITPOINT WARNING * * *
It was a potion of lignification.
You turn into a tree.
Your +0 helmet melds into your body.
Your +0 leather armour melds into your body.
Your roots penetrate the ground.
You feel sick. The orc hits you but does no damage.
You are lethally poisoned!
The orc priest invokes the aid of Beogh against you.
Beogh smites you!
You die...

#.........# #...........#
#.........# #.#.........#
#.........# #.#.........#
#.........# #.####.######
#.........# #.# #.#
#......####.# #.#
#...........# #.# #
##.....##########.#######
.
.......o...§oo♣§g§........
.
###.....##.#######o#######
.## #.....##.# #)# ..#
########.# #o# #.## #.#
#.# #..# #.# #.# ##g# #.#
#####.######.# #.## #.#
#....>....##.# #..# #.#
#.........##.#


You could see an orc priest, a gnoll and an orc.

Vanquished Creatures
  Terence (D:3)
  2 gnolls (D:3)
  2 adders (D:3)
  2 worms (D:3)
  A dart slug (D:1)
  3 ball pythons (D:2)
  3 bats
  2 endoplasms
  A giant cockroach (D:1)
  3 goblins
  A hobgoblin (D:1)
  A kobold (D:3)
  2 rats
24 creatures vanquished.

Notes
Turn   | Place    | Note
-------+----------+-------------------------------------------
     0 | D:1      | fragbeetle the Gnoll Wanderer began the quest for the Orb.
     0 | D:1      | fragbeetle set off with the following items: a +0 club, a
                  | +0 helmet, a +0 robe, a potion of curing; and the following
                  | spell memorised: Sting; and the following spells available
                  | to memorise: Sublimation of Blood, Ozocubu's Armour,
                  | Teleport Other
     0 | D:1      | Reached XP level 1. HP: 20/20 MP: 8/8
    37 | D:1      | Found a faded altar of an unknown god.
   310 | D:1      | Reached XP level 2. HP: 26/26 MP: 7/10
   608 | D:2      | Found Sullur's Armour Boutique.
  1345 | D:3      | Noticed Terence
  1375 | D:3      | Killed Terence
  1376 | D:3      | Reached skill level 1 in Invocations
  1376 | D:3      | Reached XP level 3. HP: 31/31 MP: 7/11
  1440 | D:3      | Reached skill level 1 in Short Blades
  1440 | D:3      | Reached skill level 1 in Long Blades
  1440 | D:3      | Reached skill level 1 in Axes
  1440 | D:3      | Reached skill level 1 in Maces & Flails
  1440 | D:3      | Reached skill level 1 in Polearms
  1440 | D:3      | Reached skill level 1 in Staves
  1440 | D:3      | Reached skill level 1 in Slings
  1440 | D:3      | Reached skill level 1 in Bows
  1440 | D:3      | Reached skill level 1 in Crossbows
  1440 | D:3      | Reached skill level 1 in Throwing
  1440 | D:3      | Reached skill level 1 in Shields
  1440 | D:3      | Reached skill level 1 in Unarmed Combat
  1440 | D:3      | Reached skill level 1 in Evocations
  1467 | D:3      | Reached XP level 4. HP: 35/38 MP: 9/13
  1590 | D:3      | Noticed a necrophage
  1649 | D:3      | Reached skill level 1 in Conjurations
  1649 | D:3      | Reached skill level 1 in Hexes
  1649 | D:3      | Reached skill level 1 in Summonings
  1649 | D:3      | Reached skill level 1 in Necromancy
  1649 | D:3      | Reached skill level 1 in Translocations
  1649 | D:3      | Reached skill level 1 in Transmutations
  1649 | D:3      | Reached skill level 1 in Fire Magic
  1649 | D:3      | Reached skill level 1 in Ice Magic
  1649 | D:3      | Reached skill level 1 in Air Magic
  1649 | D:3      | Reached skill level 1 in Earth Magic
  1649 | D:3      | Reached skill level 1 in Poison Magic
  1663 | D:3      | Killed from afar by an orc priest

Illustrated notes

Levels and vault maps discovered:
D:1:      dpeg_arrival_simpleton_c, layout_rooms,
          hellmonk_ecumenical_altar_run_dry
D:2:      layout_loops_cross, serial_shops, shop, minmay_stone_trees_large
D:3:      layout_basic, nicolae_qazlal_eye_of_the_storm, portal_sewer_entry_e,
          uniq_terence

Skill      XL: |  1  2  3  4 |
---------------+-------------+-----
Invocations    | 1 |  1.3
Short Blades   | 1 |  1.2
Long Blades    | 1 |  1.2
Axes           | 1 |  1.2
Maces & Flails | 1 |  1.2
Polearms       | 1 |  1.2
Staves         | 1 |  1.2
Slings         | 1 |  1.2
Bows           | 1 |  1.2
Crossbows      | 1 |  1.2
Throwing       | 1 |  1.2
Shields        | 1 |  1.2
Unarmed Combat | 1 |  1.2
Evocations     | 1 |  1.2
Conjurations   | 1 |  1.0
Hexes          | 1 |  1.0
Summonings     | 1 |  1.0
Necromancy     | 1 |  1.0
Translocations | 1 |  1.0
Transmutations | 1 |  1.0
Fire Magic     | 1 |  1.0
Ice Magic      | 1 |  1.0
Air Magic      | 1 |  1.0
Earth Magic    | 1 |  1.0
Poison Magic   | 1 |  1.0
Fighting       | |  4.6
Armour         | |  2.8
Dodging        | |  2.8
Stealth        | |  4.3
Spellcasting   | |  7.2

Action                   |  1- 3 |  4- 6 || total
-------------------------+-------+-------++-------
Melee: Dagger            |    22 |       ||    22
       Bite              |     3 |       ||     3
       Punch             |     1 |       ||     1
       Spear             |    16 |    13 ||    29
 Cast: Sting             |    19 |    11 ||    30
  Use: Potion            |       |     5 ||     5
       Scroll            |       |     3 ||     3
 Stab: Sleeping          |     2 |       ||     2
Armor: Robe              |    10 |       ||    10
       Leather armour    |       |     6 ||     6
       Skin              |       |     1 ||     1
Dodge: Dodged            |    18 |    13 ||    31
